 Dungeon Crawl Stone Soup version 0.21.1-1-g345015f (webtiles) character file.

3595 kae the Martial Artist (level 9, 0/69 HPs)
             Began as a Demonspawn Transmuter on May 21, 2018.
             Slain by a two-headed ogre
             ... wielding a +0 giant club
              (8 damage)
             ... on level 8 of the Dungeon.
             The game lasted 00:11:03 (11240 turns).

kae the Martial Artist (Demonspawn Transmuter)     Turns: 11240, Time: 00:11:03

Health: 0/69       AC:  6    Str: 16    XL:     9   Next: 85%
Magic:  26/26      EV: 12    Int: 15    God:
Gold:   256        SH:  0    Dex: 20    Spells: 13/19 levels left

rFire    + . .     SeeInvis .     - Unarmed
rCold    . . .     Gourm    .   (no shield)
rNeg     . . .     Faith    .   s - +2 robe {MR+}
rPois    .         Spirit   .   b - +0 helmet
rElec    .         Reflect  .   A - +0 cloak
rCorr    .         Harm     .   (no gloves)
MR       +....                  (no boots)
Stlth    +++.......             e - amulet of regeneration
HPRegen  0.61/turn              k - ring of fire
MPRegen  0.20/turn              z - ring of magical power

@: mighty
A: talons 2, thin skeletal structure 2, cold resistance 1, powered by pain 1
a: no special abilities


You were on level 8 of the Dungeon.
You were very hungry.

You visited 2 branches of the dungeon, and saw 9 of its levels.

You collected 256 gold pieces.

Inventory:

Missiles
 a - 56 arrows
Armour
 b - a +0 helmet (worn)
 s - a +2 robe of magic resistance (worn)
 A - a +0 cloak (worn)
Jewellery
 e - an amulet of regeneration (around neck)
 k - a ring of fire (left hand)
 t - an uncursed amulet of harm
 z - a ring of magical power (right hand)
Wands
 p - a wand of iceblast (15)
 u - a wand of acid (4)
 v - a wand of random effects (8)
Scrolls
 f - 4 scrolls of remove curse
 g - a scroll of magic mapping
 h - 3 scrolls of enchant weapon
 i - 3 scrolls of amnesia
 m - 5 scrolls of immolation
 n - a scroll of identify
 y - 3 scrolls of enchant armour
Potions
 j - 4 potions of ambrosia
 l - 3 potions of curing
 o - a potion of brilliance
 q - a potion of flight
 r - a potion of cancellation
 w - a potion of magic
 x - a potion of invisibility
 D - a potion of mutation
 E - a potion of heal wounds
Books
 c - a book of Changes

   Spells                             Type                      Level
   a - Beastly Appendage              Transmutation                1
   b - Sticks to Snakes               Transmutation                2
   c - Spider Form                    Transmutation/Poison         3
   d - Ice Form                       Ice/Transmutation            4
   e - Blade Hands                    Transmutation                5
Comestibles
 d - 12 rations


   Skills:
 + Level 5.6 Fighting
 - Level 1.7 Dodging
 * Level 8.0 Unarmed Combat
 + Level 5.5 Spellcasting
 * Level 7.8 Transmutations


You had 13 spell levels left.
You knew the following spells:

 Your Spells              Type           Power        Failure   Level  Hunger
a - Beastly Appendage     Tmut           ####..       1%          1    None
b - Sticks to Snakes      Tmut           ####....     1%          2    #......
c - Spider Form           Tmut/Pois      ###.......   10%         3    ###....


Dungeon Overview and Level Annotations

Branches:
Dungeon (8/15)             Temple (1/1) D:4
   Lair: D:8-11

Altars:
Ashenzari
Cheibriados
Dithmenos
Elyvilon
Fedhas
Gozag
Hepliaklqana
Kikubaaqudgha
Makhleb
Nemelex Xobeh
Okawaru
Qazlal
Ru
Sif Muna
Trog
Vehumet
Xom
Yredelemnul
Zin
The Shining One


Innate Abilities, Weirdness & Mutations

You have razor-sharp toenails.
You have a moderately thin skeletal structure. (Dex +4, Stealth+)
Your flesh is cold resistant. (rC+)
You sometimes gain a little power by taking damage.


Message History

The bolt of acid hits the two-headed ogre.
The two-headed ogre is splashed with acid.
The two-headed ogre is severely wounded.
The bolt of acid misses the orc.
Things that are here:
a dagger; a robe Evoke which item? (* to show all) (? for menu, Esc to quit)
Aiming: Corrosive Bolt
Press: ? - help, Shift-Dir - straight line, f/p - two-headed ogre
Aim: a two-headed ogre, wielding a giant club and a giant spiked club (severely wounded)
The bolt of acid hits the two-headed ogre.
The two-headed ogre is splashed with acid.
The acid corrodes the two-headed ogre!
The two-headed ogre is almost dead.
The bolt of acid hits the orc.
The orc is splashed with acid.
You kill the orc!
The two-headed ogre hits you with a giant club!
* * * LOW HITPOINT WARNING * * *
The two-headed ogre hits you with a giant spiked club!
You die...

. . . #
###############
##
#........))O@.#
.#
#.###########.#
.#
#.###########.#
.##
#o##..........#
..#
#)##.##########
..# #.##.#
..###.##.#
#..##.##.#
....#.##.#


You could see a two-headed ogre.

Vanquished Creatures
  Grinder (D:3)
  Sigmund (D:5)
  Edmund (D:5)
  Duvessa (D:7)
  2 orc warriors
  A sky beast (D:7)
  4 ice beasts
  2 phantoms
  An ogre (D:7)
  A big kobold (D:7)
  Blork the orc (D:5)
  4 bullfrogs
  Dowan (D:7)
  2 scorpions
  A wyvern skeleton (D:8)
  9 killer bees
  2 howler monkeys (D:7)
  2 crimson imps
  2 bullfrog zombies (D:6)
  A centaur skeleton (D:7)
  6 hounds
  An orc priest (D:4)
  A bullfrog skeleton (D:5)
  An iguana (D:6)
  3 worker ants
  Natasha (D:3)
  5 orc wizards
  2 hound skeletons
  8 adders
  4 shadow imps
  An adder skeleton (D:6)
  An adder zombie (D:5)
  3 worms
  4 dart slugs
  4 leopard geckos
  13 orcs
  9 bats
  7 giant cockroaches
  4 goblins
  8 hobgoblins
  5 jackals
  11 kobolds
  2 quokkas
  A ball python (D:1)
  6 frilled lizards
  2 quokka skeletons
  6 rats
159 creatures vanquished.

Vanquished Creatures (collateral kills)
  A phantom (D:6)
  2 orc priests (D:6)
  Ijyb (D:3)
  Natasha (D:3)
  A worker ant (D:5)
  3 worms
  A quokka (D:6)
10 creatures vanquished.

Grand Total: 169 creatures vanquished

Notes
Turn   | Place    | Note
-------+----------+-------------------------------------------
     0 | D:1      | kae the Demonspawn Transmuter began the quest for the Orb.
     0 | D:1      | Reached XP level 1. HP: 15/15 MP: 3/3
   360 | D:1      | Gained mutation: You have sharp toenails. [demonic ancestry]
   360 | D:1      | Reached XP level 2. HP: 16/21 MP: 3/5
   546 | D:1      | Reached skill level 3 in Unarmed Combat
  1304 | D:2      | Found a white marble altar of Elyvilon.
  1315 | D:2      | Reached XP level 3. HP: 26/26 MP: 4/6
  1328 | D:2      | Learned a level 2 spell: Sticks to Snakes
  2389 | D:2      | Found a shimmering altar of Xom.
  2456 | D:2      | Reached XP level 4. HP: 31/33 MP: 7/7
  2618 | D:3      | Noticed Ijyb
  2642 | D:3      | Killed Ijyb
  2819 | D:3      | Learned a level 3 spell: Spider Form
  2824 | D:3      | Noticed Grinder
  3567 | D:3      | Gained mutation: You have razor-sharp toenails. [demonic ancestry]
  3567 | D:3      | Reached XP level 5. HP: 22/38 MP: 8/8
  3871 | D:3      | Paralysed by Grinder for 6 turns
  3882 | D:3      | Killed Grinder
  3882 | D:3      | Reached skill level 4 in Unarmed Combat
  3882 | D:3      | Gained mutation: You have a somewhat thin skeletal structure. (Dex +2, Stealth) [demonic ancestry]
  3882 | D:3      | Reached XP level 6. HP: 39/46 MP: 5/10
  4090 | D:3      | Noticed Natasha
  4104 | D:3      | Killed Natasha
  4328 | D:3      | Noticed Natasha
  4343 | D:3      | Killed Natasha
  4535 | D:4      | Found a staircase to the Ecumenical Temple.
  4603 | Temple   | Entered the Ecumenical Temple
  4971 | D:4      | Found a burning altar of Makhleb.
  4982 | D:4      | Gained mutation: Your flesh is cold resistant. (rC+) [demonic ancestry]
  4982 | D:4      | Reached XP level 7. HP: 39/51 MP: 7/11
  5261 | D:4      | Found a glowing golden altar of the Shining One.
  5433 | D:5      | Entered Level 5 of the Dungeon
  5501 | D:5      | Reached skill level 5 in Unarmed Combat
  6306 | D:5      | Noticed Blork the orc
  6501 | D:5      | Noticed Sigmund
  7330 | D:5      | Killed Sigmund
  7330 | D:5      | Reached skill level 5 in Transmutations
  7330 | D:5      | Gained mutation: You sometimes gain a little power by taking damage. [demonic ancestry]
  7330 | D:5      | Reached XP level 8. HP: 60/60 MP: 10/13
  7381 | D:5      | Killed Blork the orc
  7705 | D:5      | Noticed Edmund
  7717 | D:5      | Killed Edmund
  7717 | D:5      | Reached skill level 6 in Unarmed Combat
  8495 | D:6      | Found a sparkling altar of Nemelex Xobeh.
  9003 | D:6      | Found an iron altar of Okawaru.
  9394 | D:7      | Gained mutation: You have a moderately thin skeletal structure. (Dex +4, Stealth+) [demonic ancestry]
  9394 | D:7      | Reached XP level 9. HP: 60/66 MP: 16/16
  9727 | D:7      | Reached skill level 7 in Unarmed Combat
  9974 | D:7      | Noticed Duvessa
  9978 | D:7      | Noticed Dowan
  9984 | D:7      | Killed Duvessa
  9998 | D:7      | Killed Dowan
  9998 | D:7      | Reached skill level 5 in Fighting
  9998 | D:7      | Reached skill level 5 in Spellcasting
 11214 | D:8      | Reached skill level 8 in Unarmed Combat
 11217 | D:8      | Noticed a two-headed ogre
 11240 | D:8      | Slain by a two-headed ogre

Skill      XL: |  1  2  3  4  5  6  7  8  9 |
---------------+----------------------------+-----
Transmutations | 2 3 4 5 6 7 |  7.8
Unarmed Combat | 3 4 5 6 8 |  8.0
Fighting       | 2 3 4 5 |  5.6
Spellcasting   | 3 4 5 |  5.5
Dodging        | |  1.7

Action                   |  1- 3 |  4- 6 |  7- 9 || total
-------------------------+-------+-------+-------++-------
Melee: Unarmed           |   117 |   145 |   422 ||   684
       Kick              |    23 |    24 |    87 ||   134
       Headbutt          |    10 |     5 |     3 ||    18
       Punch             |       |     2 |     6 ||     8
 Cast: Beastly Appendage |    17 |    12 |     2 ||    31
       Sticks to Snakes  |     1 |     4 |    21 ||    26
       Spider Form       |       |     1 |    18 ||    19
Evoke: Wand              |       |     1 |     3 ||     4
  Use: Scroll            |       |     9 |    15 ||    24
       Potion            |       |     3 |     4 ||     7
 Stab: Sleeping          |     2 |     2 |    10 ||    14
       Distracted        |       |       |     3 ||     3
  Eat: Chunk             |     4 |     6 |    15 ||    25
       Ration            |       |     1 |     2 ||     3
Armor: Robe              |    23 |    20 |    64 ||   107
       Skin              |       |    38 |     5 ||    43
Dodge: Dodged            |    59 |    74 |   294 ||   427
